 Dungeon Crawl Stone Soup version 0.21-a0-529-g8c7b3f5d53 (webtiles) character file.

198 JackS81 the Shield-Bearer (level 5, -2/32 HPs)
             Began as a Gargoyle Fighter on Dec 10, 2017.
             Was an Initiate of Qazlal.
             Slain by an orc priest (3 damage)
             ... on level 3 of the Dungeon.
             The game lasted 00:06:06 (1617 turns).

JackS81 the Shield-Bearer (Gargoyle Fighter)        Turns: 1617, Time: 00:06:07

Health: -2/32      AC: 12    Str: 24    XL:     5   Next: 76%
Magic:  5/5        EV: 12    Int:  9    God:    Qazlal [......]
Gold:   54         SH: 10    Dex: 15    Spells: 4/4 levels left

rFire    . . .     SeeInvis .   a - +0 flail
rCold    . . .     Gourm    .   c - +0 shield
rNeg     + . .     Faith    .   b - +0 scale mail
rPois    ∞         Spirit   .   (no helmet)
rElec    +         Reflect  .   (no cloak)
rCorr    .         Harm     .   o - +0 pair of gloves (curse)
MR       .....                  (no boots)
Stlth    +.........             (no amulet)
HPRegen  0.10/turn              (no ring)
MPRegen  0.09/turn              (no ring)

@: mighty, agile
A: negative energy resistance 1, electricity resistance, unbreathing,
petrification resistance, rot immunity, AC +4
a: Renounce Religion


You were on level 3 of the Dungeon.
You worshipped Qazlal.
Qazlal was noncommittal.
You were not hungry.

You visited 1 branch of the dungeon, and saw 3 of its levels.

You collected 54 gold pieces.

Inventory:

Hand Weapons
 a - a +0 flail (weapon)
Missiles
 e - 33 stones (quivered)
 l - 18 sling bullets
 n - 2 throwing nets
 s - 15 poisoned needles
Armour
 b - a +0 scale mail (worn)
 c - a +0 shield (worn)
 g - a +0 pair of gloves
 o - a cursed +0 pair of gloves (worn)
Scrolls
 j - 3 scrolls of identify
 p - 3 scrolls of teleportation {unknown}
Potions
 h - a potion of magic
Comestibles
 f - 2 bread rations
 q - a royal jelly
 r - 4 fruits


   Skills:
 - Level 3.2 Fighting
 * Level 4.3 Maces & Flails
 + Level 4.0 Armour
 + Level 4.7 Shields


You had 4 spell levels left.
You didn't know any spells.

Dungeon Overview and Level Annotations

Branches:
Dungeon (3/15)

Altars:
Nemelex Xobeh
Qazlal
Zin

Annotations:
D:3 Robin


Innate Abilities, Weirdness & Mutations

You are resistant to torment.
Your stone body is resilient. (AC +4)
You are immune to poison.
You resist negative energy. (rN+)
You are resistant to electric shocks. (rElec)
You can survive without breathing.
You are immune to petrification.
You are immune to rotting.


Message History

The orc misses you. The goblin hits you but does no damage.
The orc priest hits you but does no damage.
Robin roars a battlecry!
The goblins go into a battle-frenzy!
You block the orc's attack. The worm closely misses you.
The orc closely misses you.
You hear a shout!
As you read the scroll labeled JAYL VATTUSUIN, it crumbles to dust.
The scroll dissolves into smoke.
It was a scroll of fog.
The goblin misses you. The orc priest closely misses you.
You block the orc's attack.
As you read the scroll labeled UMNIHU ITHE, it crumbles to dust.
You hear a loud clanging noise!
It was a scroll of noise.
You hear a shout! x9; You hear an angry hiss.
You hear a shout! x4
You hear an angry hiss.
You hear a shout!
You hear an angry hiss.
You hear a shout! x2; You hear a bark! x2
The orc hits you with a mace.
* * * LOW HITPOINT WARNING * * *
You block the goblin's attack. The orc priest hits you.
You die...

##... #..<. ....
#..o #..o ... #
######g########..###
g.g..gggggo@g.......
#####gr#ogoow.......
#.##.###§§...... #.
#.# #........ . ..#
#?.>.$... .g ....
......?.. #. .####
#.?...... ....
#........


You could see a worm, an orc priest, 2 orcs, 2 hobgoblins and a goblin.

Vanquished Creatures
  An ogre (D:2)
  4 gnolls (D:2)
  4 adders (D:2)
  A worm (D:3)
  3 dart slugs
  A giant cockroach (D:2)
  5 goblins (D:1)
  3 hobgoblins
  7 bats
  4 frilled lizards
  2 kobolds (D:1)
  6 rats
41 creatures vanquished.

Notes
Turn   | Place    | Note
-------+----------+-------------------------------------------
     0 | D:1      | JackS81 the Gargoyle Fighter began the quest for the Orb.
     0 | D:1      | Reached XP level 1. HP: 14/14 MP: 1/1
   212 | D:1      | Reached XP level 2. HP: 19/19 MP: 2/2
   625 | D:1      | Reached XP level 3. HP: 19/23 MP: 3/3
   952 | D:2      | Noticed an ogre
   961 | D:2      | Killed an ogre
   961 | D:2      | Reached XP level 4. HP: 28/28 MP: 4/4
   961 | D:2      | Reached XP level 5. HP: 32/32 MP: 5/5
  1239 | D:2      | Found a stormy altar of Qazlal.
  1250 | D:2      | Became a worshipper of Qazlal Stormbringer
  1319 | D:2      | Found a sparkling altar of Nemelex Xobeh.
  1354 | D:2      | Found a glowing silver altar of Zin.
  1354 | D:2      | Noticed an angel
  1596 | D:3      | Noticed Robin
  1617 | D:3      | HP: 1/32 [orc/mace (2)]
  1617 | D:3      | Slain by an orc priest

Vault maps used:
D:1:      lemuel_arrival_hallway
D:2:      zin_angel, grunt_qazlal_sundering, nemelex_diamond_rough_becter
D:3:      uniq_jessica, uniq_robin

Skill      XL: |  1  2  3  4  5 |
---------------+----------------+-----
Maces & Flails | 3 4 |  4.3
Shields        | 4 |  4.7
Armour         | 4 |  4.0
Fighting       | |  3.2

Action                   |  1- 3 |  4- 6 || total
-------------------------+-------+-------++-------
Melee: Flail             |   135 |    67 ||   202
  Use: Scroll            |     4 |     2 ||     6
       Potion            |     1 |     2 ||     3
  Eat: Chunk             |       |     3 ||     3
Armor: Scale mail        |    74 |    47 ||   121
Dodge: Dodged            |    46 |    31 ||    77
Block: Shield            |    84 |    54 ||   138

Table legend:
 A = Spawn XP
 B = Non-spawn XP
 C = Spawn XP percentage of total XP
 D = Spawn monster count
 E = Non-spawn monster count
 F = Spawn count percentage of total count
 G = Total turns spent on level
                    A         B        C        D         E        F      G
               +---------+---------+-------+---------+---------+-------+---------
         Total |       0 |     283 |   0.0 |       0 |      41 |   0.0 |  1617
               +---------+---------+-------+---------+---------+-------+---------
           D:1 |       0 |      35 |   0.0 |       0 |      22 |   0.0 |   763
           D:2 |       0 |     242 |   0.0 |       0 |      17 |   0.0 |   828
           D:3 |       0 |       6 |   0.0 |       0 |       2 |   0.0 |    26
               +---------+---------+-------+---------+---------+-------+---------
